 Dungeon Crawl Stone Soup version 0.26.0-45-g9c1d065592 (webtiles) character file.

Game seed: 1964835432397514659

106 littlecub the Chopper (level 4, -4/28 HPs)
             Began as a Gargoyle Gladiator on Jan 27, 2021.
             Killed by divine providence
             ... invoked by an orc priest
              (14 damage)
             ... on level 3 of the Dungeon.
             The game lasted 00:02:44 (2293 turns).

littlecub the Chopper (Gargoyle Gladiator)          Turns: 2293, Time: 00:02:45

Health: -4/28      AC: 16    Str: 18    XL:     4   Next: 84%
Magic:  4/4        EV:  6    Int:  9    God:
Gold:   138        SH:  0    Dex: 11    Spells: 3/3 levels left

rFire    . . .     SeeInvis .   j - +1 whip (drain)
rCold    + . .     Faith    .   (no shield)
rNeg     + + .     Spirit   .   g - +0 plate armour (curse)
rPois    ∞         Reflect  .   c - +0 helmet
rElec    +         Harm     .   w - +0 cloak
rCorr    .         Rampage  .   (no gloves)
Will     .....                  (no boots)
Stlth    ..........             (no amulet)
HPRegen  0.09/turn              m - ring of positive energy
MPRegen  0.09/turn              t - ring of protection from cold

@: no status effects
A: negative energy resistance 1, electricity resistance, unbreathing,
petrification resistance, miasma immunity, AC +3
a: no special abilities


You were on level 3 of the Dungeon.
You visited 1 branch of the dungeon, and saw 3 of its levels.

You collected 138 gold pieces.

Inventory:

Hand Weapons
 a - a +0 war axe
 j - a +1 whip of draining (weapon)
Missiles
 d - 5 throwing nets (quivered)
 i - 6 atropa-tipped darts
 l - 9 poisoned darts
Armour
 c - a +0 helmet (worn)
 g - a cursed +0 plate armour (worn)
 w - a +0 cloak (worn)
Jewellery
 m - a ring of positive energy (left hand)
 s - an uncursed ring of resist corrosion
 t - a ring of protection from cold (right hand)
Scrolls
 f - 5 scrolls of identify {unknown}
 k - a scroll of amnesia {unknown}
 p - a scroll of blinking {unknown}
 q - a scroll of random uselessness {unknown}
 r - 4 scrolls of teleportation {unknown}
 v - 3 scrolls of remove curse {unknown}
 x - a scroll of enchant weapon {unknown}
Potions
 b - a potion of curing {unknown}
 e - 2 potions of lignification {unknown}
 h - 2 potions of might {unknown}
 n - 2 potions of heal wounds {unknown}
 o - a potion of attraction {unknown}
 u - a potion of magic {unknown}


   Skills:
 * Level 3.5 Fighting
 * Level 3.5 Axes
 - Level 1.7 Throwing
 + Level 1.6 Armour
 + Level 2.9 Dodging


You had 3 spell levels left.
You didn't know any spells.
Your spell library contained the following spells:

 Spells                   Type           Power        Failure   Level
 Magic Dart               Conj           0%           100%        1
 Blink                    Tloc           N/A          100%        2
 Call Imp                 Summ           0%           100%        2
 Slow                     Hex            0%           100%        2
 Conjure Flame            Conj/Fire      0%           100%        3
 Mephitic Cloud           Conj/Pois/Air  0%           100%        3


Dungeon Overview and Level Annotations

Branches:
Dungeon (3/15)

Altars:


Innate Abilities, Weirdness & Mutations

You are resistant to torment.
Your stone body is resilient. (AC +3)
You are immune to poison.
You resist negative energy. (rN+)
You are resistant to electric shocks. (rElec)
You can survive without breathing.
You are immune to petrification.
You are immune to miasma.


Message History

You barely miss the orc. The orc hits you but does no damage.
You hit the orc.
The orc is severely wounded.
The orc barely misses you.
You closely miss the orc.
The orc is severely wounded.
You hit the orc but do no damage. You barely miss the orc.
You barely miss the orc. The orc hits you but does no damage.
You hit the orc but do no damage. The orc hits you but does no damage.
You hit the orc.
The orc is lightly wounded.
The orc hits you but does no damage.
You hit the orc but do no damage. You drain the orc.
The orc is heavily wounded.
The orc hits you but does no damage.
The orc priest invokes the aid of Beogh against you.
Beogh smites you!
Ouch! That really hurt!
You die...

#.###...........
#..##.........#
#..###......>## ##..#
##.....## ....# ##...##
###.# ##.## #
#.######.##### # # #
#............###o#(..#
###..#####.###..@ooo..?.
.....# #.....###o#...#
.....# ##..##.# .. #
.....###....##.# ..#
............##.# .#
.....#.......#.# #
.....#.......#.#
......).........
..<#####...##


You could see an orc priest and 4 orcs.

Vanquished Creatures
  Crazy Yiuf (D:2)
  2 adders
  3 dart slugs (D:1)
  A leopard gecko (D:2)
  6 bats
  8 giant cockroaches
  5 goblins
  6 hobgoblins
  3 jackals (D:3)
  5 kobolds
  A ball python (D:1)
  5 frilled lizards
  4 rats (D:1)
50 creatures vanquished.

Vanquished Creatures (others)
  A plant (D:1)
1 creature vanquished.

Grand Total: 51 creatures vanquished

Notes
Turn   | Place    | Note
-------+----------+-------------------------------------------
     0 | D:1      | littlecub the Gargoyle Gladiator began the quest for the
                  | Orb.
     0 | D:1      | Reached XP level 1. HP: 12/12 MP: 1/1
    85 | D:1      | Reached XP level 2. HP: 14/18 MP: 2/2
   569 | D:1      | Reached XP level 3. HP: 22/22 MP: 3/3
   610 | D:1      | Reached skill level 1 in Armour
  1066 | D:2      | Found a runed translucent door.
  1067 | D:2      | Noticed Crazy Yiuf
  1394 | D:2      | Found a faded altar of an unknown god.
  1417 | D:2      | Reached XP level 4. HP: 28/28 MP: 4/4
  1984 | D:2      | Killed Crazy Yiuf
  2293 | D:3      | Killed from afar by an orc priest

Illustrated notes

Levels and vault maps discovered:
D:1:      kilobyte_arrival_exit_the_forest, layout_basic, st_stairs_3,
          minmay_tall_x
D:2:      minmay_roachtagon, layout_loops_ring,
          chequers_ecumenical_altar_island, lemuel_flame_loot_1,
          uniq_crazy_yiuf_cottage
D:3:      layout_loops_ring, patterned_corridor

Skill      XL: |  1  2  3 |
---------------+----------+-----
Axes           | 3 |  3.5
Armour         | 1 |  1.6
Fighting       | 3 |  3.5
Throwing       | |  1.7
Dodging        | |  2.9

Action                   |  1- 3 |  4- 6 || total
-------------------------+-------+-------++-------
Melee: War axe           |   110 |    48 ||   158
       Whip              |    27 |    11 ||    38
Armor: Leather armour    |    12 |       ||    12
       Plate armour      |   106 |    53 ||   159
Dodge: Dodged            |    61 |    20 ||    81
